 Dungeon Crawl Stone Soup version 0.28-a0-503-g83f2989fac (webtiles) character file.

Game seed: 16353728247537828080

102 bande the Covered (level 4, 0/29 HPs)
             Began as a Gargoyle Fighter on Sept 20, 2021.
             Killed by nerve-wracking pain
             ... invoked by an orc priest
              (5 damage)
             ... on level 3 of the Dungeon on Sept 21, 2021.
             The game lasted 00:03:55 (1936 turns).

bande the Covered (Gargoyle Fighter)                Turns: 1936, Time: 00:03:56

Health: 0/29       AC: 11    Str: 22    XL:     4   Next: 78%
Magic:  4/4        EV: 13    Int:  9    God:
Gold:   120        SH:  4    Dex: 10    Spells: 3/3 levels left

rFire   . . .      SeeInvis .   a - +0 war axe
rCold   . . .      Faith    .   c - +0 buckler
rNeg    + . .      Spirit   .   b - +0 scale mail
rPois   ∞          Reflect  .   (no helmet)
rElec   +          Harm     .   (no cloak)
rCorr   .          Rampage  .   f - +0 pair of gloves {Str+3}
Will    +....                   (no boots)
Stlth   ..........              (no amulet)
HPRegen 0.09/turn               l - +4 ring of evasion
MPRegen 0.09/turn               h - ring of willpower

@: mighty
A: sickness immunity, AC +3, negative energy resistance 1, electricity
resistance, torment resistance 1, petrification resistance
a: no special abilities


You were on level 3 of the Dungeon.
You visited 1 branch of the dungeon, and saw 3 of its levels.

You collected 120 gold pieces.

Inventory:

Hand Weapons
 a - a +0 war axe (weapon)
Armour
 b - a +0 scale mail (worn)
 c - a +0 buckler (worn)
 f - a +0 pair of gloves of strength (worn)
Jewellery
 e - a ring of protection from cold
 h - a ring of willpower (right hand)
 l - a +4 ring of evasion (left hand)
Wands
 k - a wand of digging (5)
Scrolls
 g - a scroll of identify
Potions
 j - a potion of berserk rage


   Skills:
 + Level 3.7 Fighting
 + Level 3.0 Axes
 + Level 4.1 Armour
 - Level 0.1 Dodging
 + Level 3.6 Shields
 * Level 0.6 Evocations


You had 3 spell levels left.
You didn't know any spells.
Your spell library was empty.

Dungeon Overview and Level Annotations

Branches:
Dungeon (3/15)

Altars:


Innate Abilities, Weirdness & Mutations

You are immune to sickness and miasma.
Your stone body is resilient. (AC +3)
You are immune to poison.
You resist negative energy. (rN+)
You are resistant to electric shocks. (rElec)
You are resistant to unholy torment.
You are immune to petrification.


Message History

The orc priest barely misses you.
The orc wizard casts a spell.
The orc wizard flickers and vanishes!
Deactivating autopickup; reactivate with Ctrl-A.
You block the iguana's attack.
You slash the orc priest!
The orc priest is heavily wounded.
You barely miss the orc. You hit the iguana but do no damage.
The iguana bites you. The orc priest barely misses you.
The orc barely misses you. The iguana bites you.
Unknown command.
You feel very mighty all of a sudden.
The orc priest hits you but does no damage.
The orc hits you with a +0 hand axe.
* * * LOW HITPOINT WARNING * * *
The iguana misses you.
You barely miss the orc priest.
The orc priest is heavily wounded.
Your scale mail prevents you from hitting the iguana.
You closely miss the orc. You slash the orc!
You kill the orc!
The orc priest hits you with a +0 flail.
* * * LOW HITPOINT WARNING * * *
The orc misses you. The iguana misses you.
You hit the orc priest.
The orc priest is severely wounded.
You closely miss the iguana. You slash the orc!
You kill the orc!
The orc priest hits you but does no damage.
You block the iguana's attack. Something barely misses you.
The iguana closely misses you.
The orc priest hits you but does no damage.
Unknown command.
You slash something!
Reactivating autopickup.
You feel a bit more experienced.
You closely miss the iguana. You barely miss the orc priest.
The iguana misses you.
The orc priest calls down the wrath of Beogh upon you.
Pain shoots through your body!
You die...

#.# #.######.## #.#
#.#####...## #.#
#..........## #.#
#.###.......## #.# #.#
#.......).
#.#######.##........##
#.....)..........[.###
#####.o...####....## #
#@l...# #.#### #
#)....# #. # ##...##
##+# #.## ##...## .#
##.....##
..##.......##
..#.........###
.+.........+..
#.........###


You could see an iguana and an orc priest.

Vanquished Creatures
  An orc wizard (D:3)
  3 gnolls (D:2)
  2 adders
  2 dart slugs
  3 orcs (D:3)
  3 ball pythons
  4 endoplasms
  2 giant cockroaches
  4 goblins
  8 hobgoblins
  6 bats
  A frilled lizard (D:1)
  7 kobolds
  2 rats
48 creatures vanquished.

Notes
Turn   | Place    | Note
-------+----------+-------------------------------------------
     0 | D:1      | bande the Gargoyle Fighter began the quest for the Orb.
     0 | D:1      | Reached XP level 1. HP: 14/14 MP: 1/1
   234 | D:1      | Reached XP level 2. HP: 18/19 MP: 2/2
   572 | D:1      | Found a faded altar of an unknown god.
   885 | D:2      | Reached XP level 3. HP: 23/23 MP: 3/3
  1075 | D:2      | Reached skill level 4 in Armour
  1075 | D:2      | Reached XP level 4. HP: 27/29 MP: 4/4
  1166 | D:2      | Identified a scroll of acquirement
  1166 | D:2      | Acquired a +0 pair of gloves of strength
  1936 | D:3      | Killed from afar by an orc priest

Illustrated notes

Levels and vault maps discovered:
D:1:      enne_arrival_octagon_isle, layout_basic,
          dreamdust_ecumenical_altar_sealed_demon
D:2:      minmay_chambers_of_ones, layout_loops_cross
D:3:      layout_loops_corners, uniq_terence

Skill      XL: |  1  2  3  4 |
---------------+-------------+-----
Axes           | 2 3 |  3.0
Armour         | 4 |  4.1
Fighting       | |  3.7
Dodging        | |  0.1
Shields        | |  3.6
Evocations     | |  0.6

Action                   |  1- 3 |  4- 6 || total
-------------------------+-------+-------++-------
Melee: War axe           |    87 |    79 ||   166
  Use: Scroll            |       |     5 ||     5
       Potion            |       |     1 ||     1
Armor: Scale mail        |    48 |    40 ||    88
Dodge: Dodged            |    52 |    53 ||   105
Block: Buckler           |    25 |    17 ||    42

Table legend: (Time is in decaauts)
 A = Elapsed time spent in this place.
 B = Non-inter-level travel time spent in this place.
 C = Inter-level travel time spent in this place.
 D = Time resting spent in this place.
 E = Time spent auto-exploring this place.
 F = Levels seen in this place.
 G = Mean time per level.
                   A        B        C        D        E       F      G
               +--------+--------+--------+--------+--------+-----+--------+
         Total |   2001 |   1921 |     80 |      0 |   1501 |   3 |  667.0 |
       Dungeon |   2001 |   1921 |     80 |      0 |   1501 |   3 |  667.0 |
               +--------+--------+--------+--------+--------+-----+--------+

Top non-repeatable levels by time:
     D:2: 984 daAuts
     D:1: 835 daAuts
     D:3: 181 daAuts
